 Dungeon Crawl Stone Soup version 0.20-a0-795-ga03948b (webtiles) character file.

12651 Duffy the Cleaver (level 11, -4/95 HPs)
             Began as a Demigod Gladiator on Mar 2, 2017.
             Slain by a komodo dragon (18 damage)
             ... on level 1 of the Lair of Beasts.
             The game lasted 00:16:02 (13356 turns).

Duffy the Cleaver (Demigod Gladiator)              Turns: 13356, Time: 00:16:02

Health: -4/95      AC: 21    Str: 23    XL:     11   Next: 38%
Magic:  19/19      EV: 10    Int: 12    God:
Gold:   1110       SH:  0    Dex: 17    Spells: 10/10 levels left

rFire    . . .     SeeInvis .   b - +3 hand axe (elec)
rCold    . . .     Gourm    .   H - +7 chain mail "Qeclut" {rPois}
rNeg     . . .     Faith    .   (no shield)
rPois    +         Spirit   .   c - +0 helmet
rElec    .         Reflect  .   (no cloak)
rCorr    .         Harm     .   (no gloves)
MR       +....                  O - +0 pair of boots
Stlth    ..........             (no amulet)
Regen    0.3/turn               (no ring)
MPRegen  0.2/turn               (no ring)

@: no status effects
A: high mp 1
a: no special abilities


You were on level 1 of the Lair of Beasts.
You were not hungry.

You visited 3 branches of the dungeon, and saw 12 of its levels.
You also visited: Sewer, Ice Cave and Volcano.

You collected 1110 gold pieces.

Inventory:

Hand Weapons
 a - a +0 battleaxe of flaming
 b - a +3 hand axe of electrocution (weapon)
 g - a +0 blowgun
Missiles
 d - 3 throwing nets (quivered)
Armour
 c - a +0 helmet (worn)
 H - the +7 chain mail "Qeclut" (worn) {rPois}
   (You found it on level 5 of the Dungeon)

   It protects you from poison.
 O - a +0 pair of boots (worn)
Wands
 t - a wand of paralysis (4/24)
 u - a wand of acid (8/15)
 x - a wand of enslavement (13/24)
Scrolls
 e - a scroll of fear {unknown}
 h - a scroll of magic mapping
 j - 11 scrolls of teleportation
 k - 2 scrolls of fog
 l - 5 scrolls of remove curse
 p - 3 scrolls of immolation
 q - a scroll of enchant weapon
 v - a scroll of recharging {unknown}
 B - a scroll of blinking {unknown}
 E - a scroll of enchant armour {unknown}
 I - a scroll of torment {unknown}
 S - a scroll of identify
Potions
 i - 2 potions of mutation {unknown}
 m - a potion of brilliance {unknown}
 n - 12 potions of curing
 r - 4 potions of might
 w - 4 potions of heal wounds
 z - a potion of haste
 A - a potion of lignification {unknown}
 C - a potion of resistance {unknown}
 D - 3 potions of flight
 G - a potion of agility {unknown}
 J - 2 potions of cancellation
 K - 3 potions of berserk rage {unknown}
 M - a potion of ambrosia
 N - a potion of invisibility {unknown}
 R - a potion of experience {unknown}
Comestibles
 f - 10 bread rations
 o - 6 royal jellies
 s - 6 fruits
 F - a chunk of flesh
 U - 7 meat rations


   Skills:
 + Level 8.4 Fighting
 + Level 11.2 Axes
 - Level 1.7 Throwing
 + Level 8.8 Armour
 - Level 2.6 Dodging
 - Level 6.0 Evocations


You had 10 spell levels left.
You didn't know any spells.

Dungeon Overview and Level Annotations

Branches:
Dungeon (10/15)            Temple (0/1) D:4            Lair (1/6) D:9
    Orc (1/2) D:9

Shops:
D:7 [


Innate Abilities, Weirdness & Mutations

You have an increased reservoir of magic. (+10% MP)


Message History

You closely miss the komodo dragon.
The komodo dragon is moderately wounded.
The komodo dragon barely misses you.
You hit the komodo dragon.
The komodo dragon is heavily wounded.
You barely miss the komodo dragon.
The komodo dragon is heavily wounded.
The komodo dragon bites you but does no damage.
You barely miss the komodo dragon.
The komodo dragon is heavily wounded.
The komodo dragon bites you!
You closely miss the komodo dragon.
The komodo dragon is heavily wounded.
The komodo dragon bites you but does no damage.
You closely miss the komodo dragon.
The komodo dragon is heavily wounded.
You hit the komodo dragon.
The komodo dragon is severely wounded.
The komodo dragon bites you!!
You die...

........./.....
................
................
................
................
................
.......%......#
#.....l@....#
########.####
#...# #..##
######.####P.
###P##.........#
#)#............#
##..............
#..............


You could see a komodo dragon.

Vanquished Creatures
  3 two-headed ogres (D:8)
  A fire crab (Volcano)
  An unseen horror (D:10)
  A lindwurm (Volcano)
  Pikel (D:7)
  An orc sorcerer (D:9)
  A troll (Orc:1)
  2 hippogriffs
  A spriggan (D:8)
  Sigmund (D:2)
  A shadow (D:7)
  4 fire bats (Volcano)
  6 yaks (D:8)
  2 hungry ghosts
  A steam dragon (Volcano)
  A vampire mosquito (D:8)
  Menkaure (D:5)
  3 wargs
  2 hell hounds (Volcano)
  2 ice beasts
  An eye of draining (D:8)
  7 orc warriors
  A sky beast (D:7)
  2 phantoms
  5 ogres
  6 centaurs
  2 big kobolds
  A gnoll sergeant (D:6)
  3 bullfrogs
  7 wights
  7 killer bees (D:10)
  A howler monkey (D:4)
  A bullfrog zombie (D:8)
  3 crimson imps
  6 hounds
  10 orc priests
  A jelly (D:8)
  12 orc wizards
  3 iguanas
  Natasha (D:3)
  6 worker ants
  A killer bee zombie (D:8)
  A hound skeleton (D:8)
  6 gnolls (D:6)
  A worker ant zombie (D:5)
  10 adders
  2 river rats
  A shadow imp (D:9)
  An ooze (D:2)
  4 worms
  2 dart slugs
  4 leopard geckos
  50 orcs
  2 ball pythons
  4 bats
  7 giant cockroaches
  8 goblins
  4 hobgoblins (D:2)
  6 jackals
  A quokka (D:8)
  6 frilled lizards
  18 kobolds
  A leopard gecko skeleton (D:5)
  17 rats
279 creatures vanquished.

Vanquished Creatures (others)
  A steam dragon (Volcano)
1 creature vanquished.

Grand Total: 280 creatures vanquished

Notes
Turn   | Place    | Note
-------+----------+-------------------------------------------
     0 | D:1      | Duffy the Demigod Gladiator began the quest for the Orb.
     0 | D:1      | Reached XP level 1. HP: 17/17 MP: 3/3
   111 | D:1      | Reached skill level 3 in Axes
   350 | D:1      | Reached XP level 2. HP: 16/24 MP: 4/4
   733 | D:2      | Reached XP level 3. HP: 18/30 MP: 5/5
  1148 | D:2      | Found a bloodstained altar of Trog.
  1345 | D:2      | Reached skill level 4 in Axes
  1603 | D:2      | Noticed Sigmund
  1693 | D:3      | Reached XP level 4. HP: 36/37 MP: 6/6
  1911 | D:3      | Found a glowing golden altar of the Shining One.
  1976 | D:3      | Found a glowing silver altar of Zin.
  2082 | D:3      | Reached skill level 1 in Evocations
  2098 | D:3      | Reached XP level 5. HP: 26/44 MP: 8/8
  2507 | D:3      | Noticed Natasha
  2510 | D:3      | Killed Natasha
  2612 | D:2      | Killed Sigmund
  2612 | D:2      | Reached skill level 5 in Axes
  2612 | D:2      | Reached XP level 6. HP: 48/50 MP: 8/10
  3184 | D:4      | Found a staircase to the Ecumenical Temple.
  3319 | D:4      | Reached skill level 6 in Axes
  3721 | D:5      | Entered Level 5 of the Dungeon
  3746 | D:5      | Found a glowing drain.
  3775 | Sewer    | Entered a sewer
  3879 | Sewer    | Reached skill level 1 in Armour
  3879 | Sewer    | Reached XP level 7. HP: 56/56 MP: 12/12
  3965 | Sewer    | Found a white marble altar of Elyvilon.
  4485 | D:5      | Found a shimmering altar of Xom.
  4672 | D:5      | Got a jewelled chain mail
  4686 | D:5      | Noticed Menkaure
  4692 | D:5      | Killed Menkaure
  4692 | D:5      | Reached skill level 7 in Axes
  4856 | D:5      | Identified the +7 chain mail "Qeclut" {rPois} (You found it on level 5 of the Dungeon)
  5310 | D:6      | Reached XP level 8. HP: 62/62 MP: 14/14
  5363 | D:6      | Found a hazy altar of Hepliaklqana.
  5418 | D:6      | Reached skill level 5 in Evocations
  5559 | D:6      | Reached skill level 8 in Axes
  6218 | D:7      | Found an iron altar of Okawaru.
  6424 | D:7      | Noticed Pikel
  6454 | D:7      | Killed Pikel
  6454 | D:7      | Reached XP level 9. HP: 64/69 MP: 16/16
  6503 | D:7      | Found Kang's Armour Boutique.
  6818 | D:7      | Found a white marble altar of Elyvilon.
  7168 | D:8      | Noticed a two-headed ogre
  7340 | D:8      | Reached skill level 5 in Armour
  7444 | D:8      | Found a shadowy altar of Dithmenos.
  7535 | D:8      | Reached skill level 9 in Axes
  8025 | D:8      | Noticed a two-headed ogre
  8036 | D:8      | Killed a two-headed ogre
  8036 | D:8      | Reached skill level 5 in Fighting
  8321 | D:8      | Noticed a two-headed ogre
  8331 | D:8      | Killed a two-headed ogre
  8331 | D:8      | Reached XP level 10. HP: 82/82 MP: 17/17
  8568 | D:8      | Found a burning altar of Makhleb.
  8568 | D:8      | Noticed a green death
  8869 | D:8      | Killed a two-headed ogre
  8940 | D:8      | Reached skill level 10 in Axes
  9372 | D:9      | Found a staircase to the Lair.
  9525 | D:9      | Found a staircase to the Orcish Mines.
 10332 | D:9      | Found a stormy altar of Qazlal.
 10337 | D:9      | Found a hide-covered altar of Uskayaw.
 10401 | D:10     | Entered Level 10 of the Dungeon
 11344 | D:10     | Killed an unseen horror
 11627 | D:10     | Reached XP level 11. HP: 90/92 MP: 19/19
 11754 | Orc:1    | Entered Level 1 of the Orcish Mines
 11754 | Orc:1    | Found a dark tunnel.
 11770 | D:9      | Noticed a soul eater
 11783 | Volcano  | Entered a volcano
 11796 | Volcano  | Noticed a lindwurm
 11815 | Volcano  | Killed a lindwurm
 12198 | Volcano  | Noticed a fire crab
 12215 | Volcano  | Killed a fire crab
 12215 | Volcano  | Reached skill level 11 in Axes
 13164 | Lair:1   | Entered Level 1 of the Lair of Beasts
 13205 | Lair:1   | Found a frozen archway.
 13214 | IceCv    | Entered an ice cave
 13356 | Lair:1   | Slain by a komodo dragon

Vault maps used:
D:1:      dpeg_arrival_stone_temple_mockup, minmay_misc_feat_room
D:2:      bloody_trog, uniq_sigmund
D:3:      grunt_temple_overflow_open, kennysheep_generic_room_10, uniq_natasha
D:4:      minmay_door_path, temple_statues, first_bread
D:5:      portal_sewer_entry_c, basic_altar, uniq_menkaure
D:6:      lemuel_round_altar
D:7:      kennysheep_little_box, old_standard_altar, serial_shops,
          nicolae_shop_behind_doors, serial_co_window_serial,
          co_window_of_opportunity_a, co_window_paths_b, co_window_corner_a,
          co_window_paths_a, co_window_paths_b, co_window_broadway_b,
          co_window_corner_cb, co_window_broadway_c, co_window_of_opportunity_b,
          co_window_corner_b, glass_columns_a, glass_columns_a, glass_columns_a,
          uniq_pikel
D:8:      minmay_diamond_stairs, makhleb_altar_promises_db, the_bakery,
          grunt_dithmenos_smoke
D:9:      amethyst_overflow_temple_binary, dpeg_oklobed_lair, erik_orc_3
Lair:1:   portal_ice_cave_entry_pillars_2
Orc:1:    serial_shops, nicolae_shop_stone, nicolae_volcano_entry_lava_flow
Sewer:    sewer_kobolds
IceCv:    ice_cave_small_necro
Volcano:  volcano_pools

Skill      XL: |  1  2  3  4  5  6  7  8  9 10 11 |
---------------+----------------------------------+-----
Axes           | 3 4 5 6 7 8 9 10 11 | 11.2
Fighting       | 2 3 5 7 8 |  8.4
Evocations     | 1 2 3 4 6 |  6.0
Armour         | 1 2 4 6 8 |  8.8
Throwing       | |  1.7
Dodging        | |  2.6

Action                   |  1- 3 |  4- 6 |  7- 9 | 10-12 || total
-------------------------+-------+-------+-------+-------++-------
Melee: War axe           |   124 |    79 |       |       ||   203
       Hand axe          |       |   101 |   279 |   385 ||   765
Evoke: Wand              |       |     2 |     1 |     2 ||     5
  Use: Scroll            |       |    12 |     1 |     2 ||    15
       Potion            |       |       |     2 |     2 ||     4
 Stab: Paralysed         |       |       |     5 |     6 ||    11
  Eat: Chunk             |     2 |     8 |    11 |    19 ||    40
       Bread ration      |       |       |     2 |       ||     2
Armor: Ring mail         |    36 |       |       |       ||    36
       Plate armour      |       |   100 |    38 |       ||   138
       Scale mail        |       |    26 |       |       ||    26
       Chain mail        |       |       |   129 |   191 ||   320
Dodge: Dodged            |   100 |    80 |   116 |   144 ||   440
